Workbook
Name audit: listes!$L$1:$L$4
Name ca: listes!#REF!
Name ca: listes!#REF!
Name cartographie: listes!#REF!
Name cartographie: listes!#REF!
Name catégorie: listes!#REF!
Name certification: listes!$H$1:$H$9
Name contact: listes!$K$1:$K$3
Name distance: [1]listes!$M$1:$M$4
Name entites: listes!$F$2:$F$27
Name fabricant: [1]listes!$E$1:$E$7
Name famille: listes!$G$2:$G$16
Name fermee: listes!$A$1:$A$2
Name fournisseur: listes!$E$1:$E$3
Name historique: listes!$F$1:$F$30
Name label: listes!$J$1:$J$11
Name labels: listes!$J$2:$J$11
Name localisation: listes!$C$1:$C$3
Name ouinon: listes!$B$1:$B$3
Name partiel: listes!$M$1:$M$3
Name produits: listes!#REF!
Name refprod: [1]listes!$N$2:$N$7
Name UE: listes!$D$1:$D$2
Name x: listes!#REF!
Name x: listes!#REF!

Sheet Questionnaire Alimentaire
B2: NOM du fournisseur / Raison sociale / Pays:
B5: SITE de production /Pays :
A8: Afin de pouvoir procéder au référencement de ses produits, le fournisseur doit remplir l'ensemble des questions ci-dessous à l'aide des menus déroulants le cas échéant dans chacune des cases. Les réponses à ce questionnaire sont obligatoires. Un questionnaire correspond à UN site et à UNE famille de produits. Si plusieurs sites ou plusieurs familles de produits sont concernés, il faut remplir autant de questionnaires. Le fournisseur reconnaît l'exactitude des informations renseignées ci-après.
A10: fait le:
A12: par: Nom:
A13: Fonction:
A14: N° téléphone:
A15: email:
B17: A quelle distance vous situez vous de notre entité ?
A19: Je certifie que l'ensemble des informations saisies dans ce questionnaire sont exactes
C20: compléter les cases en vous aidant des menus déroulants
A21: Désignation du (des) produit(s) présenté(s) en vue d'une sélection
B23: À quelle famille appartient-il ?
B24: Les produits répondent-ils à un(des) référentiel(s)/certification(s) produit spécifique(s)?
B25: Si oui, merci de préciser selon quel(s) référentiel(s) ?
A29: Réglementation européenne contre la déforestation (RDUE)
B30: Les produits proposés au référencement contiennent-ils du café, du cacao, de la viande bovine, de l'huile de palme ou du soja?
B31: Si oui, est-ce que le code douanier de l'un de vos produits fait partie de l'ANNEXE I du Règlement (UE) 2023/1115 du Parlement européen et du Conseil du 31 mai 2023
B32: SI OUI, merci de répondre aux 2 questions suivantes
B33: Merci de lister les codes douaniers concernés
B34: Les matières premières concernées par le RDUE proviennent-elles de pays classés à risque élevé selon la Commission Européenne (Biélorussie, Corée du Nord, Myanmar, Russie)?
A37: Votre site de production a-t-il une certification de système qualité incluant les activités relatives à la famille de produits présentée?
B39: Si votre site est certifié, merci de préciser selon quel(s) référentiel(s) ? Et de nous transmettre les certificats | C39: Date(s) de fin de validité du certificat:
B43: Si le référentiel fait partie de la liste proposée, compléter UNIQUEMENT les rubriques «Certification de système environnementale », 1, 2 et 5.
B45: Si votre référentiel ne fait pas partie de la liste proposée ou que vous n'êtes pas certifié, merci de compléter l'intégralité du questionnaire
A48: Votre site de production a-t-il une certification de système environnementale incluant les activités relatives à la famille de produits présentée?
A50: Si OUI, | B50: merci de préciser selon quel(s) référentiel(s) ? | C50: Date(s) de fin de validité du certificat:
A55: 1-Structure administrative
A56: Généralités
A57: 1.1 Quelle est votre activité ?
B58: 1.1.1 Si vous êtes grossiste/négociant, les produits transitent-ils par vos entrepôts?
A59: 1.2 Quel est l'effectif de votre société ?
A60: 1.3 Faites-vous partie d'un groupe?
B61: 1.3.1 si oui, préciser le nom du groupe
A62: 1.4 Quel est le pays de facturation ?
A63: 1.5 Êtes-vous importateur en France de produits finis proposés au référencement?
A64: 1.6 J'atteste que mon entreprise et mes produits respectent bien les législations françaises et européennes en vigueur?
A66: 2-Coordonnées d'urgence
A68: 2.1 En cas d'urgence, êtes- vous joignable dans les 4 heures y compris soir, week-end et jours fériés ?
A69: 2.2 Sinon, le délai dans lequel vous êtes joignables est-il inférieur à 12 heures y compris soir, week-end et jours fériés ?
A70: 2.3 Préciser les coordonnées du contact de crise
B71: Nom:
B72: Fonction:
B73: N° tel:
B74: email:
A76: Passez à la partie 5, en cas de certification du système qualité selon un des référentiels précisés ci-dessus, sinon merci de poursuivre le questionnaire
A78: 3-Activités
A80: 3.1 Travaillez-vous avec d'autres entités du mouvement E.Leclerc?
A82: 3.1.1 | B82: Si oui, lesquelles ?
B83: Nom de l'entité, le cas échéant:
B85: Nom de l'entité, le cas échéant:
B87: Nom de l'entité, le cas échéant:
A89: 3.1.2 | B89: Pour quels produits?
A91: 3.2 Où se situe(nt) le(les) pays de fabrication des produits proposés au référencement?
B94: Précisez quels pays en dehors de la France:
A96: 3.3 Plan de Maîtrise Sanitaire, disposez-vous des éléments suivants:
B97: - Plan HACCP ou une analyse des dangers en lien avec la sécurité des denrées alimentaires, intégrant l'étude des différents dangers : microbiologiques, chimiques, corps étrangers, allergènes, etc.
B98: - Lutte contre les nuisibles
B99: - Plan de nettoyage
A101: 3.4 Si oui, effectuez-vous des revues annuelles de votre système HACCP et/ou votre Plan de Maîtrise Sanitaire?
A103: 3.5 Existe-t-il un dispositif pour lutter contre les actes de malveillance (Surêté produit/Food défense) ?
A105: Si vous êtes fabricant,
A106: 3.6 Quels sont les produits fabriqués sur votre site?
A107: 3.7 Avez-vous recours à la sous-traitance (hors transport), dans le cadre des produits présentés en vue d'une sélection?
A108: 3.7.1 | B108: Si oui, pour quelle(s) activité(s) ?
A109: 3.7.2 | B109: Si oui, avez-vous des critères de sélection et de surveillance de vos sous-traitants?
A111: Si vous êtes "grossiste/ négociant",
A112: 3.8 Avez-vous des critères de sélection et de surveillance de vos fabricants ?
A114: 4-Animation qualité
A116: 4.1 Généralités
A117: 4.1.1 Avez-vous une personne en charge de la qualité?
A118: 4.1.2 Merci de nous préciser ses coordonnées (téléphone et mail), si ce n’est pas la personne déclarée dans la partie contact crise
A120: 4.2 Traçabilité
A121: 4.2.1 Assurez-vous la traçabilité des produits (exemple : Numéro de lot, DLC, etc…)?
A122: 4.2.1.1 | B122: Les informations de traçabilité sont-elles présentes sur les bons de livraison ou transmises par message informatique (Exemple : DESADV) ?
A124: 4.3 Contrôles
A125: 4.3.1 Avez-vous un plan de contrôle sur vos produits (Exemples: analytique, organoleptique, étiquetage, etc.)?
A126: 4.3.2 Réalisez-vous des contrôles à réception?
A128: 4.4 Non conformités et réclamations
A129: 4.4.1 Gérez-vous les non conformités ?
A130: 4.4.2 Avez-vous un système/organisation de gestion des réclamations client?
A131: 4.4.3 Suivez-vous la mise en place des actions correctives définies ?
A133: 4.5 Marquage/étiquetage
A134: 4.5.1 Vous assurez-vous de la conformité de vos étiquetages par rapport à la réglementation française en vigueur ?
A135: 4.5.2 L'étiquetage est-il révisé selon les évolutions des réglementations?
A136: 4.5.3 Informez-vous vos clients en cas de modification d'étiquetage ?
A138: 4.6 Retraits, rappels
... A162: Nous vous remercions d'avoir complété ce questionnaire

Sheet Analyse Produit Alimentaire
B2: ='Questionnaire Alimentaire'!B2 -> NOM du fournisseur / Raison sociale / Pays:
B3: ='Questionnaire Alimentaire'!B3 -> 0 | C3: ='Questionnaire Alimentaire'!C3 -> 0
B5: ='Questionnaire Alimentaire'!B5 -> SITE de production /Pays :
B6: ='Questionnaire Alimentaire'!B6 -> 0 | C6: ='Questionnaire Alimentaire'!C6 -> 0
A8: Afin de pouvoir procéder au référencement de ses produits, le fournisseur doit remplir l'ensemble des questions ci-dessous à l'aide des menus déroulants le cas échéant dans chacune des cases. Les réponses à ce questionnaire sont obligatoires. Un questionnaire correspond à UN site et à UNE famille de produits. Si plusieurs sites ou plusieurs familles de produits sont concernés, il faut remplir autant de questionnaires. Le fournisseur reconnaît l'exactitude des informations renseignées ci-après.
A10: ='Questionnaire Alimentaire'!A10 -> fait le: | B10: ='Questionnaire Alimentaire'!B10 -> 0
A12: ='Questionnaire Alimentaire'!A12 -> par: Nom: | B12: ='Questionnaire Alimentaire'!B12 -> 0
A13: ='Questionnaire Alimentaire'!A13 -> Fonction: | B13: ='Questionnaire Alimentaire'!B13 -> 0
A14: ='Questionnaire Alimentaire'!A14 -> N° téléphone: | B14: ='Questionnaire Alimentaire'!B14 -> 0
A15: ='Questionnaire Alimentaire'!A15 -> email: | B15: ='Questionnaire Alimentaire'!B15 -> 0
B18: ='Questionnaire Alimentaire'!B17 -> A quelle distance vous situez vous de notre entité ? | C18: ='Questionnaire Alimentaire'!C17 -> 0
A19: Je certifie que l'ensemble des informations saisies dans ce questionnaire sont exactes | C19: ='Questionnaire Alimentaire'!C19 -> 0 | D19: =E19 -> 3 | E19: =IF(C19=listes!$A$1,1,3) -> 3 | F19: =IF(E19=1,1,0) -> 0 | G19: =IF(E19=2,1,0) -> 0 | H19: =IF(E19=3,1,0) -> 1
C20: compléter les cases en vous aidant des menus déroulants
A21: Désignation du (des) produit(s) présenté(s) en vue d'une sélection | C21: ='Questionnaire Alimentaire'!C21 -> 0
B23: À quelle famille appartient-il ? | C23: ='Questionnaire Alimentaire'!C23 -> 0 | D23: =E23 -> 3 | E23: =IF(C23=listes!$G$3,2,IF(C23=listes!$G$9,2,3)) -> 3
B24: Les produits répondent-ils à un(des) référentiel(s)/certification(s) produit spécifique(s)? | C24: ='Questionnaire Alimentaire'!C24 -> 0
B25: Si oui, merci de préciser selon quel(s) référentiel(s) ? | C25: ='Questionnaire Alimentaire'!C25 -> 0
C26: ='Questionnaire Alimentaire'!C26 -> 0
C27: ='Questionnaire Alimentaire'!C27 -> 0
C28: ='Questionnaire Alimentaire'!C28 -> 0
A29: Réglementation européenne contre la déforestation (RDUE)
B30: Les produits proposés au référencement contiennent-ils du café, du cacao, de la viande bovine, de l'huile de palme ou du soja? | C30: ='Questionnaire Alimentaire'!C30 -> 0 | E30: 0
B31: Si oui, est-ce que le code douanier de l'un de vos produits fait partie de l'ANNEXE I du Règlement (UE) 2023/1115 du Parlement européen et du Conseil du 31 mai 2023 | C31: ='Questionnaire Alimentaire'!C31 -> 0 | E31: 0
B32: Si oui, merci de répondre aux 2 questions suivantes
B33: Merci de lister les codes douaniers concernés | C33: ='Questionnaire Alimentaire'!C33 -> 0 | E33: 0
B34: Les matières premières concernées par le RDUE proviennent-elles de pays classés à risque élevé selon la Commission Européenne (Biélorussie, Corée du Nord, Myanmar, Russie)? | C34: ='Questionnaire Alimentaire'!C34 -> 0 | E34: 0
A37: Votre site de production a-t-il une certification de système qualité incluant les activités relatives à la famille de produits présentée? | C37: ='Questionnaire Alimentaire'!C37 -> 0 | D37: =IF(C37=listes!A1,1,2) -> 2
B39: Si votre site est certifié, merci de préciser selon quel(s) référentiel(s) ? Et de nous transmettre les certificats | C39: Date(s) de fin de validité du certificat:
B40: ='Questionnaire Alimentaire'!B41 -> 0 | C40: ='Questionnaire Alimentaire'!C40 -> 0
B41: ='Questionnaire Alimentaire'!B42 -> 0 | C41: ='Questionnaire Alimentaire'!C41 -> 0
B42: ='Questionnaire Alimentaire'!B42 -> 0 | C42: ='Questionnaire Alimentaire'!C42 -> 0
B43: Si le référentiel fait partie de la liste proposée, compléter UNIQUEMENT les rubriques 1, 2 et 5
B45: Si votre référentiel ne fait pas partie de la liste proposée ou que vous n'êtes pas certifié, merci de compléter l'intégralité du questionnaire
A48: Votre site de production a-t-il une certification de système environnementale incluant les activités relatives à la famille de produits présentée? | C48: ='Questionnaire Alimentaire'!C48 -> 0
E49: Sommme 1, 2 et attestation | F49: =F55+F66+F19 -> 1 | G49: =G55+G66+G19 -> 3 | H49: =H55+H66+H19 -> 3
A50: Si OUI, | B50: merci de préciser selon quel(s) référentiel(s) ? | C50: Date(s) de fin de validité du certificat:
B51: ='Questionnaire Alimentaire'!B51 -> 0 | C51: ='Questionnaire Alimentaire'!C51 -> 0
B52: ='Questionnaire Alimentaire'!B52 -> 0 | C52: ='Questionnaire Alimentaire'!C52 -> 0
B53: ='Questionnaire Alimentaire'!B53 -> 0 | C53: ='Questionnaire Alimentaire'!C53 -> 0
A55: 1-Structure administrative | E55: =A55 -> 1-Structure administrative | F55: =SUM(F56:F64) -> 1 | G55: =SUM(G56:G64) -> 1 | H55: =SUM(H56:H64) -> 1
A56: Généralités
A57: 1.1 Quelle est votre activité ? | C57: ='Questionnaire Alimentaire'!C57 -> 0
B58: 1.1.1 Si vous êtes grossiste/négociant, les produits transitent-ils par vos entrepôts? | C58: ='Questionnaire Alimentaire'!C58 -> 0 | D58: =E58 -> 2 | E58: =IF(C58=listes!$A$1,1,2) -> 2
A59: 1.2 Quel est l'effectif de votre société ? | C59: ='Questionnaire Alimentaire'!C59 -> 0
A60: 1.3 Faites-vous partie d'un groupe? | C60: ='Questionnaire Alimentaire'!C60 -> 0
B61: 1.3.1 si oui, préciser le nom du groupe | C61: ='Questionnaire Alimentaire'!C61 -> 0
A62: 1.4 Quel est le pays de facturation ? | C62: ='Questionnaire Alimentaire'!C62 -> 0 | D62: =E62 -> 2 | E62: =IF(C62=listes!$C$1,1,2) -> 2 | F62: =IF(E62=1,1,0) -> 0 | G62: =IF(E62=2,1,0) -> 1 | H62: =IF(E62=3,1,0) -> 0
A63: 1.5 Êtes-vous importateur en France de produits finis proposés au référencement? | C63: ='Questionnaire Alimentaire'!C63 -> 0 | D63: =E63 -> 1 | E63: =IF(C63=listes!$A$1,2,1) -> 1 | F63: =IF(E63=1,1,0) -> 1 | G63: =IF(E63=2,1,0) -> 0 | H63: =IF(E63=3,1,0) -> 0
A64: 1.6 J'atteste que mon entreprise et mes produits respectent bien les législations françaises et européennes en vigueur? | C64: ='Questionnaire Alimentaire'!C64 -> 0 | D64: =E64 -> 3 | E64: =IF(C64=listes!$A$1,1,3) -> 3 | F64: =IF(E64=1,1,0) -> 0 | G64: =IF(E64=2,1,0) -> 0 | H64: =IF(E64=3,1,0) -> 1
A66: 2-Coordonnées d'urgence | E66: =A66 -> 2-Coordonnées d'urgence | F66: =SUM(F67:F74) -> 0 | G66: =SUM(G67:G74) -> 2 | H66: =SUM(H67:H74) -> 1
A68: 2.1 En cas d'urgence, ête- vous joignable dans les 4 heures y compris soir, week-end et jours fériés ? | C68: ='Questionnaire Alimentaire'!C68 -> 0 | D68: =E68 -> 2 | E68: =IF(C68=listes!$A$1,1,2) -> 2 | F68: =IF(E68=1,1,0) -> 0 | G68: =IF(E68=2,1,0) -> 1 | H68: =IF(E68=3,1,0) -> 0
A69: 2.2 Sinon, le délai dans lequel vous êtes joignables est-il inférieur à 12 heures y compris soir, week-end et jours fériés ? | C69: ='Questionnaire Alimentaire'!C69 -> 0 | D69: =E69 -> 2 | E69: =IF(E68=1,0,IF(AND(C69=listes!$A$2,C68=listes!A2),3,2)) -> 2 | F69: =IF(E69=1,1,0) -> 0 | G69: =IF(E69=2,1,0) -> 1 | H69: =IF(E69=3,1,0) -> 0
A70: 2.3 Préciser les coordonnées du contact de crise
B71: Nom: | C71: ='Questionnaire Alimentaire'!C71 -> 0
B72: Fonction: | C72: ='Questionnaire Alimentaire'!C72 -> 0
B73: N° tel: | C73: ='Questionnaire Alimentaire'!C73 -> 0 | D73: =E73 -> 3 | E73: =IF(AND(ISBLANK('Questionnaire Alimentaire'!C73),(ISBLANK('Questionnaire Alimentaire'!C74))),3,IF(OR(ISBLANK('Questionnaire Alimentaire'!C73),(ISBLANK('Questionnaire Alimentaire'!C74))),2,1)) -> 3 | F73: =IF(E73=1,1,0) -> 0 | G73: =IF(E73=2,1,0) -> 0 | H73: =IF(E73=3,1,0) -> 1
B74: email: | C74: ='Questionnaire Alimentaire'!C74 -> 0 | D74: =E74 -> 0 | F74: =IF(E74=1,1,0) -> 0 | G74: =IF(E74=2,1,0) -> 0 | H74: =IF(E74=3,1,0) -> 0
A76: Passez à la partie 5, en cas de certification du système qualité selon un des référentiels précisés ci-dessus, sinon merci de poursuivre le questionnaire
A78: 3-Activités | E78: =A78 -> 3-Activités | F78: =SUM(F79:F96)+SUM(F101:F113) -> 0 | G78: =SUM(G79:G96)+SUM(G101:G113) -> 2 | H78: =SUM(H79:H96)+SUM(H101:H113) -> 1
A80: 3.1 Travaillez-vous avec d'autres entités du mouvement E.Leclerc? | C80: ='Questionnaire Alimentaire'!C80 -> 0 | E80: =IF(C80=listes!$A$1,1,0) -> 0 | F80: =IF(E80=1,1,0) -> 0 | G80: =IF(E80=2,1,0) -> 0 | H80: =IF(E80=3,1,0) -> 0
A82: 3.1.1 | B82: Si oui, lesquelles ? Nom de l'entité, le cas échéant: | C82: ='Questionnaire Alimentaire'!C82 -> 0
C83: ='Questionnaire Alimentaire'!C83 -> 0
B84: Nom de l'entité, le cas échéant: | C84: ='Questionnaire Alimentaire'!C84 -> 0
C85: ='Questionnaire Alimentaire'!C85 -> 0
B86: Nom de l'entité, le cas échéant: | C86: ='Questionnaire Alimentaire'!C86 -> 0
C87: ='Questionnaire Alimentaire'!C87 -> 0
A89: 3.1.2 | B89: Pour quels produits? | C89: ='Questionnaire Alimentaire'!C89 -> 0
A91: 3.2 Où se situe(nt) le(les) pays de fabrication des produits proposés au référencement? | C91: ='Questionnaire Alimentaire'!C91 -> 0
C92: ='Questionnaire Alimentaire'!C92 -> 0
C93: ='Questionnaire Alimentaire'!C93 -> 0
B94: Précisez quels pays en dehors de la France: | C94: ='Questionnaire Alimentaire'!C94 -> 0
A96: 3.3 Plan de Maîtrise Sanitaire, disposez-vous des éléments suivants: | E96: =IF((SUM(E97:E99)>3),D23,1) -> 3 | F96: =IF(E96=1,1,0) -> 0 | G96: =IF(E96=2,1,0) -> 0 | H96: =IF(E96=3,1,0) -> 1
B97: - Plan HACCP ou une analyse des dangers en lien avec la sécurité des denrées alimentaires, intégrant l'étude des différents dangers : microbiologiques, chimiques, corps étrangers, allergènes, etc. | C97: ='Questionnaire Alimentaire'!C97 -> 0 | D97: =E97 -> 3 | E97: =IF(C97=listes!$A$1,1,IF(AND($C$57=listes!$E$2,$C$58=listes!$A$2),0,$D$23)) -> 3 | F97: =IF(E97=1,1,0) -> 0 | G97: =IF(E97=2,1,0) -> 0 | H97: =IF(E97=3,1,0) -> 1
B98: - Lutte contre les nuisibles | C98: ='Questionnaire Alimentaire'!C98 -> 0 | D98: =E98 -> 3 | E98: =IF(C98=listes!$A$1,1,IF(AND($C$57=listes!$E$2,$C$58=listes!$A$2),0,$D$23)) -> 3 | F98: =IF(E98=1,1,0) -> 0 | G98: =IF(E98=2,1,0) -> 0 | H98: =IF(E98=3,1,0) -> 1
B99: - Plan de nettoyage | C99: ='Questionnaire Alimentaire'!C99 -> 0 | D99: =E99 -> 3 | E99: =IF(C99=listes!$A$1,1,IF(AND($C$57=listes!$E$2,$C$58=listes!$A$2),0,$D$23)) -> 3 | F99: =IF(E99=1,1,0) -> 0 | G99: =IF(E99=2,1,0) -> 0 | H99: =IF(E99=3,1,0) -> 1
A101: 3.4 Si oui, effectuez-vous des revues annuelles de votre système HACCP et/ou votre Plan de Maîtrise Sanitaire? | C101: ='Questionnaire Alimentaire'!C101 -> 0 | D101: =E101 -> 2 | E101: =IF(C101=listes!$A$1,1,IF(AND($C$57=listes!$E$2,$C$58=listes!$A$2),0,2)) -> 2 | F101: =IF(E101=1,1,0) -> 0 | G101: =IF(E101=2,1,0) -> 1 | H101: =IF(E101=3,1,0) -> 0
A103: 3.5 Existe-t-il un dispositif pour lutter contre les actes de malveillance (Surêté produit/Food défense) ? | C103: ='Questionnaire Alimentaire'!C103 -> 0 | D103: =E103 -> 2 | E103: =IF(C103=listes!$A$1,1,IF(AND($C$57=listes!$E$2,$C$58=listes!$A$2),0,2)) -> 2 | F103: =IF(E103=1,1,0) -> 0 | G103: =IF(E103=2,1,0) -> 1 | H103: =IF(E103=3,1,0) -> 0
A105: Si vous êtes fabricant,
A106: 3.6 Quels sont les produits fabriqués sur votre site? | C106: ='Questionnaire Alimentaire'!C106 -> 0
A107: 3.7 Avez-vous recours à la sous-traitance (hors transport), dans le cadre des produits présentés en vue d'une sélection? | C107: ='Questionnaire Alimentaire'!C107 -> 0 | D107: =E107 -> 0 | E107: =IF(ISBLANK('Questionnaire Alimentaire'!C107),0,IF(C107=listes!$A$1,2,1)) -> 0 | F107: =IF(E107=1,1,0) -> 0 | G107: =IF(E107=2,1,0) -> 0 | H107: =IF(E107=3,1,0) -> 0
A108: 3.7.1 | B108: Si oui, pour quelle(s) activité(s) ? | C108: ='Questionnaire Alimentaire'!C108 -> 0
A109: 3.7.2 | B109: Si oui, avez-vous des critères de sélection et de surveillance de vos sous-traitants? | C109: ='Questionnaire Alimentaire'!C109 -> 0 | D109: =E109 -> 0 | E109: =IF(OR((C107="NON"),ISBLANK('Questionnaire Alimentaire'!C107)),0,IF(C109=listes!$A$1,1,2)) -> 0 | F109: =IF(E109=1,1,0) -> 0 | G109: =IF(E109=2,1,0) -> 0 | H109: =IF(E109=3,1,0) -> 0
A111: Si vous êtes "grossiste/ négociant",
A112: 3.8 Avez-vous des critères de sélection et de surveillance de vos fabricants ? | C112: ='Questionnaire Alimentaire'!C112 -> 0 | D112: =E112 -> 0 | E112: =IF(ISBLANK('Questionnaire Alimentaire'!C112),0,IF(C112=listes!$A$1,1,2)) -> 0 | F112: =IF(E112=1,1,0) -> 0 | G112: =IF(E112=2,1,0) -> 0 | H112: =IF(E112=3,1,0) -> 0
A114: 4-Animation qualité | E114: =A114 -> 4-Animation qualité | F114: =SUM(F117:F142) -> 0 | G114: =SUM(G117:G142) -> 11 | H114: =SUM(H117:H142) -> 2
A116: 4.1 Généralités
A117: 4.1.1 Avez-vous une personne en charge de la qualité? | C117: ='Questionnaire Alimentaire'!C117 -> 0 | D117: =E117 -> 2 | E117: =IF(C117=listes!$A$1,1,2) -> 2 | F117: =IF(E117=1,1,0) -> 0 | G117: =IF(E117=2,1,0) -> 1 | H117: =IF(E117=3,1,0) -> 0
A118: 4.1.2 Merci de nous préciser ses coordonnées (téléphone et mail), si ce n’est pas la personne déclarée dans la partie contact crise
A120: 4.2 Traçabilité
A121: 4.2.1 Assurez-vous la traçabilité des produits (exemple : Numéro de lot, DLC, etc…)? | C121: ='Questionnaire Alimentaire'!C121 -> 0 | D121: =E121 -> 3 | E121: =IF(C121=listes!$A$1,1,3) -> 3 | F121: =IF(E121=1,1,0) -> 0 | G121: =IF(E121=2,1,0) -> 0 | H121: =IF(E121=3,1,0) -> 1
A122: 4.2.1.1 | B122: Les informations de traçabilité sont-elles présentes sur les bons de livraison ou transmises par message informatique (Exemple : DESADV) ? | C122: ='Questionnaire Alimentaire'!C122 -> 0
A124: 4.3 Contrôles
A125: 4.3.1 Avez-vous un plan de contrôle sur vos produits (Exemples: analytique, organoleptique, étiquetage, etc.)? | C125: ='Questionnaire Alimentaire'!C125 -> 0 | D125: =E125 -> 2 | E125: =IF(C125="OUI",1,2) -> 2 | F125: =IF(E125=1,1,0) -> 0 | G125: =IF(E125=2,1,0) -> 1 | H125: =IF(E125=3,1,0) -> 0
A126: 4.3.2 Réalisez-vous des contrôles à réception? | C126: ='Questionnaire Alimentaire'!C126 -> 0 | D126: =E126 -> 2 | E126: =IF(C126="OUI",1,2) -> 2 | F126: =IF(E126=1,1,0) -> 0 | G126: =IF(E126=2,1,0) -> 1 | H126: =IF(E126=3,1,0) -> 0
A128: 4.4 Non conformités et réclamations
A129: 4.4.1 Gérez-vous les non conformités ? | C129: ='Questionnaire Alimentaire'!C129 -> 0 | D129: =E129 -> 2 | E129: =IF(C129=listes!$A$1,1,2) -> 2 | F129: =IF(E129=1,1,0) -> 0 | G129: =IF(E129=2,1,0) -> 1 | H129: =IF(E129=3,1,0) -> 0
A130: 4.4.2 Avez-vous un système/organisation de gestion des réclamations client? | C130: ='Questionnaire Alimentaire'!C130 -> 0 | D130: =E130 -> 2 | E130: =IF(C130=listes!$A$1,1,2) -> 2 | F130: =IF(E130=1,1,0) -> 0 | G130: =IF(E130=2,1,0) -> 1 | H130: =IF(E130=3,1,0) -> 0
A131: 4.3.1 Avez-vous un plan de contrôle sur vos produits (Exemples: analytique, organoleptique, étiquetage, etc.)? | C131: ='Questionnaire Alimentaire'!C131 -> 0 | D131: =E131 -> 2 | E131: =IF(C131=listes!$A$1,1,2) -> 2 | F131: =IF(E131=1,1,0) -> 0 | G131: =IF(E131=2,1,0) -> 1 | H131: =IF(E131=3,1,0) -> 0
A133: 4.5 Marquage/étiquetage
A134: 4.5.1 Vous assurez-vous de la conformité de vos étiquetages par rapport à la réglementation française en vigueur ? | C134: ='Questionnaire Alimentaire'!C134 -> 0 | D134: =E134 -> 3 | E134: =IF(C134=listes!$A$1,1,3) -> 3 | F134: =IF(E134=1,1,0) -> 0 | G134: =IF(E134=2,1,0) -> 0 | H134: =IF(E134=3,1,0) -> 1
...

Sheet Suivi des plans d'action Alim
A1: Criticité | B1: Risques | C1: Propositions d'actions à adapter en fonction du contexte local, de l'historique et de la nature du produit | D1: Demande faite au fournisseur | E1: Retour du fournisseur | F1: Avis Qualité | G1: Commentaire
A3: Points critiques | B3: ='Analyse Produit Alimentaire'!B176 -> Q 1.6 Le fournisseur ne s'engage pas sur le respect de la législation française et européenne en vigueur. | C3: =IF(B3="NA","/","Demander au fournisseur de s'engager à se mettre en conformité.") -> Demander au fournisseur de s'engager à se mettre en conformité.
B4: ='Analyse Produit Alimentaire'!B177 -> NA | C4: =IF(B4="NA","/","Demander au fournisseur de s'engager à être joignable dans un délai de moins de 12h.") -> /
B5: ='Analyse Produit Alimentaire'!B178 -> Q 2.3 Les coordonnées contacts crise fournis par le fournisseur ne sont pas complètes (mail et téléphone). | C5: =IF(B5="NA","/","Demander au fournisseur les coordonnées manquantes.") -> Demander au fournisseur les coordonnées manquantes.
B6: ='Analyse Produit Alimentaire'!B179 -> Q 3.3. Plan de Maîtrise Sanitaire incomplet. | C6: =IF(B6="NA","/","Demander au fournisseur de s'engager à mettre en place le ou les points manquants.") -> Demander au fournisseur de s'engager à mettre en place le ou les points manquants.
B7: ='Analyse Produit Alimentaire'!B180 -> Q.4.2.1. Absence de système de gestion de la traçabilité. | C7: =IF(B7="NA","/","Demander au fournisseur à s'engager à mettre en place un système de traçabilité/ Au besoin, réaliser un test de traçabilité. ") -> Demander au fournisseur à s'engager à mettre en place un système de traçabilité/ Au besoin, réaliser un test de traçabilité.
B8: ='Analyse Produit Alimentaire'!B181 -> Q 4.5.1 Pas de maîtrise de la conformité de l'étiquetage. | C8: =IF(B8="NA","/","Demander au fournisseur de s'engager sur la conformité de l'étiquetage. Au besoin, vérifier l'étiquetage en amont et faire un contrôle à réception sur les premières livraisons.") -> Demander au fournisseur de s'engager sur la conformité de l'étiquetage. Au besoin, vérifier l'étiquetage en amont et faire un contrôle à réception sur les premières livraisons.
A11: Points de vigilance ou points d'attention | B11: ='Analyse Produit Alimentaire'!B184 -> NA | C11: ='Analyse Produit Alimentaire'!C184 -> 0
B12: ='Analyse Produit Alimentaire'!B185 -> Q1.4 Nous sommes 1er metteur sur le marché français. | C12: ='Analyse Produit Alimentaire'!C185 -> S'assurer que les produits sont conformes à la réglementation française.
B13: ='Analyse Produit Alimentaire'!B186 -> NA | C13: ='Analyse Produit Alimentaire'!C186 -> /
B14: ='Analyse Produit Alimentaire'!B187 -> Q2.1. et Q2.2 Le fournisseur est joignable entre 4 et 12 heures, y compris soir, week-end et jours fériés. | C14: ='Analyse Produit Alimentaire'!C187 -> /
B15: ='Analyse Produit Alimentaire'!B188 -> NA | C15: ='Analyse Produit Alimentaire'!C188 -> /
B16: ='Analyse Produit Alimentaire'!B189 -> NA | C16: ='Analyse Produit Alimentaire'!C189 -> /
B17: ='Analyse Produit Alimentaire'!B190 -> Q3.4. Le système HACCP et/ou le Plan de maîtrise sanitaire ne sont pas revus annuellement. | C17: ='Analyse Produit Alimentaire'!C190 -> /
B18: ='Analyse Produit Alimentaire'!B191 -> Q3.5 Le risque Sûreté produit (Food défense) n'est pas pris en compte. | C18: ='Analyse Produit Alimentaire'!C191 -> Demander au fournisseur qu'il définisse des dispositions.
B19: ='Analyse Produit Alimentaire'!B192 -> NA | C19: ='Analyse Produit Alimentaire'!C192 -> /
B20: ='Analyse Produit Alimentaire'!B193 -> NA | C20: ='Analyse Produit Alimentaire'!C193 -> /
B21: ='Analyse Produit Alimentaire'!B194 -> Q4.1.1. Le fournisseur n'a pas de responsable qualité désigné. | C21: ='Analyse Produit Alimentaire'!C194 -> Demander au fournisseur de transmettre le nom d'un contact pour tous les sujets relatifs à la qualité.
B22: ='Analyse Produit Alimentaire'!B195 -> Q4.3.1. Le fournisseur n'a pas de plan de contrôle produit. | C22: ='Analyse Produit Alimentaire'!C195 -> Demander au fournisseur de mettre en place un plan de contrôle produit.
B23: ='Analyse Produit Alimentaire'!B196 -> Q4.3.2. Le fournisseur ne fait pas de contrôle à réception. | C23: ='Analyse Produit Alimentaire'!C196 -> Demander au fournisseur de mettre un plan de contrôle à réception.
... B28: ='Analyse Produit Alimentaire'!B201 -> Q4.6.3. En cas de retrait/rappel, le fournisseur ne transmet pas les informations de traçabilité dans les 4 heures. | C28: ='Analyse Produit Alimentaire'!C201 -> Demander au fournisseur de s'engager à nous transmettre les éléments de traçabilité, dès que possible, en cas de retrait/rappel.

Sheet listes
A1: OUI | B1: Non Concerné | C1: France | D1: Union Européenne | E1: Producteur/Fabricant | F1: Centre E.Leclerc , Préciser nom et localisation : | G1: catégorie | H1: ISO 9001 | I1: ISO 14001 | J1: Produit labellisé Agriculture Biologique | K1: < 4 heures | L1: NON | M1: OUI | N1: En moins de 4 heures ? | O1: Bons de livraisons
A2: NON | B2: OUI | C2: Union Européenne (hors France) | D2: Hors Union Européenne | E2: Grossiste/ Negociant | F2: LECASUD | G2: Boissons non alcoolisées | H2: IFS Logistic | I2: ISO 50001 | J2: garantie de l'origine (AOC, AOP, IGP) | K2: > 4 heures et 12 heures | L2: Tous les ans | M2: NON | N2: Dans la journée | O2: DESADV
B3: NON | C3: Hors Union Européenne | E3: Producteur/fabricant + Grossiste/ Negociant | F3: SCACENTRE | G3: Boissons alcoolisées | H3: IFS Food | J3: garantie de qualité supérieure (label rouge) | K3: > 12 heures | L3: Tous les 2 ans | M3: PARTIELLEMENT | N3: En plus d'une journée? | O3: Bons de livraisons et DESADV
F4: SCALANDES | G4: Boucherie/Volaille | H4: IFS Broker | J4: garantie de recette traditionnelle (STG) | L4: Tous les 3 ans ou plus | O4: Non
F5: SCANORMANDE | G5: BVP (boulangerie, Viennoiserie et Patisserie) frais et surgelés | H5: ISO 22000 | J5: produit labellisé ASC ou MSC
F6: SCAOUEST | G6: Charcuterie/traiteur | H6: FSSC 22000 | J6: produit labellisé Bleu blanc cœur
F7: SCAPALSACE | G7: Crèmerie, Beurre, Œufs, Fromage, Ultra frais | H7: BRC | J7: Produit labellisé HVE
F8: SCAPARTOIS | G8: Epicerie | H8: Global Gap | J8: Ecolabel public pêche durable
F9: SCAPEST | G9: Fruits et Légumes | J9: autre
F10: SCAPNOR | G10: Poissonnerie
F11: SCARMOR | G11: Saurisserie
F12: SCASO | G12: Surgelés
F13: SOCAMAINE | G13: Alimentation infantile
F14: SOCAMIL | G14: Alimentation diététique
F15: SOCARA | G15: Petfood
F16: SCAMARK | G16: Autres
F17: GALEC
F18: SIPLEC
F19: SCAPMAREE
F20: SCAFISH
F21: SCACHAP
F22: SCAPARF
F23: SCADIF
F24: SCABER (Espagne)
F25: SCAWAR (Pologne)
F26: COOPLECNORTE (Portugal)
F27: BBJ Nord
F28: BBJ Sud Ouest
... F31: Plus de 3 SCA
